Match 45790582
Unlisted

Match 45790582
End
Construct Section Command Post
Infantry Section
Infantry Section
Infantry Section
Construct Field Infirmary
Infantry Section
Selects Indian Artillery Battlegroup
Selects Valour
Construct Platoon Command Post
Selects Gurkha Rifles Section
Infantry Training
Unlock M3 Stuart Light Tanks
M3 Stuart Light Tank
Grenade Package
M3 Stuart Light Tank
Wolfe
✠Kaiser✠ tushkan
0
0

Comments sign in to comment!

No comments posted yet!